[Event "Tatry Open 2018"]
[Site "Tatranska Lomnica"]
[Date "2018.10.07"]
[Round "9"]
[White "Malik, Jan"]
[Black "Mrva, Martin"]
[Result "1/2-1/2"]
[ECO "B00"]
[WhiteElo "2300"]
[BlackElo "2430"]
[Annotator "RC"]
[PlyCount "67"]
[EventDate "2018.09.30"]
[EventType "swiss"]
[EventCountry "SVK"]
[SourceTitle "playchess.com"]
[Source "ChessBase"]
[SourceQuality "1"]
[TimeControl "40/5400+30:1800+30"]

1. e4 d6 2. d4 a6 3. Nc3 Nd7 4. f4 b5 5. Nf3 Bb7 6. e5 e6 7. Bd3 c5 8. exd6 Bxd6 9. Be4 Qc7 10. Bxb7 Qxb7 11. Qe2 Ngf6 12. dxc5 Bxc5 13. Be3 Rc8 14. O-O O-O 15. Bxc5 Rxc5 16. a3 Rfc8 17. Rad1 Rc4 18. Ne5 Nxe5 19. fxe5 Ng4 20. Rd3 Qc7 21. Rd6 a5 22. Kh1 Qc5 23. Qd2 g6 24. h3 Nxe5 25. Rd8+ Kg7 26. Rxc8 Qxc8 27. Nxb5 Rxc2 28. Qf4 Qb8 29. Nd4 Rxb2 30. Qf6+ Kh6 31. Qh4+ Kg7 32. Qf6+ Kh6 33. Qh4+ Kg7 34. Qf6+ 1/2-1/2

[Event "Tatry Open 2018"]
[Site "Tatranska Lomnica"]
[Date "2018.10.07"]
[Round "9"]
[White "Zylka, Stanislaw"]
[Black "Demeter, Peter"]
[Result "1-0"]
[ECO "B07"]
[WhiteElo "2300"]
[BlackElo "2156"]
[Annotator "NA"]
[PlyCount "45"]
[EventDate "2018.09.30"]
[EventType "swiss"]
[EventCountry "SVK"]
[SourceTitle "playchess.com"]
[Source "ChessBase"]
[SourceQuality "1"]
[TimeControl "40/5400+30:1800+30"]

1. e4 d6 2. d4 Nf6 3. Nc3 g6 4. Bg5 Bg7 {[%emt 0:00:06] LiveBook: 987 Partien} 5. Qd2 O-O 6. O-O-O c5 {[%emt 0:03:38] [#] B07: Pirc Defence: Miscellaneous Systems} (6... c6 $14) (6... Nc6 7. Nge2 e5 8. d5 Ne7 9. f3 a6 10. g4 b5 11. Ng3 Ne8 12. h4 f6 13. Bh6 b4 14. Nce2 {1-0 (38) Tomczak,J (2588)-Ponomariov,R (2694) Katowice 2017}) 7. dxc5 $1 Qa5 8. cxd6 exd6 9. Bh6 $146 (9. a3 $16) ({Predecessor:} 9. Bc4 Nc6 10. Nf3 Bg4 11. Bh6 Ne5 12. Bxg7 Kxg7 13. Be2 Rfd8 14. Nd4 Bxe2 15. Ndxe2 {0-1 (49) Fercec,N (2492)-Bosnjak,N (2186) Sibenik 2010}) 9... Nxe4 $1 10. Nxe4 Qxa2 11. Qe3 ({Much weaker is} 11. c3 Qa1+ 12. Kc2 Qa4+ 13. Kc1 Qxe4 $15) 11... Qxb2+ ({Don't blunder} 11... Bxb2+ $2 12. Kd2 $18) 12. Kd2 Bxh6 13. Qxh6 Qb4+ (13... d5 $16 14. Ng5 Qb4+ 15. c3 Qb2+ 16. Kd3 Bf5+ 17. Ke3 Qxc3+ 18. Bd3 Re8+ 19. Kf3 Be4+ 20. Kg3 Qe5+ 21. f4 Qg7 22. Qxg7+ Kxg7) 14. Nc3 Bf5 15. Rb1 Qd4+ 16. Bd3 Bxd3 17. cxd3 b6 18. Nge2 Qc5 (18... Qg7 $142 19. Qxg7+ Kxg7) 19. Rb5 Qc7 20. Nd5 Qd8 21. h4 f6 22. h5 $18 g5 23. Nd4 1-0

[Event "Tatry Open 2018"]
[Site "Tatranska Lomnica"]
[Date "2018.10.07"]
[Round "9"]
[White "Petran, Peter"]
[Black "Dzikowski, Michal"]
[Result "1/2-1/2"]
[ECO "A08"]
[WhiteElo "2274"]
[BlackElo "2126"]
[Annotator "NA"]
[PlyCount "100"]
[EventDate "2018.09.30"]
[EventType "swiss"]
[EventCountry "SVK"]
[SourceTitle "playchess.com"]
[Source "ChessBase"]
[SourceQuality "1"]
[TimeControl "40/5400+30:1800+30"]

1. g3 Nf6 2. Bg2 d5 3. Nf3 e6 4. d3 Be7 5. Nbd2 O-O 6. O-O c5 7. e4 Nc6 8. Re1 b6 9. e5 Nd7 10. c3 Qc7 11. Qe2 Bb7 12. Nf1 {[%emt 0:00:29] LiveBook: 15 Games C00: French: Unusual White 2nd moves} (12. h4 b5 13. Nf1 b4 14. h5 bxc3 15. bxc3 Ba6 16. h6 g6 17. Bf4 Qa5 18. Rac1 c4 19. d4 Ba3 {1-0 (31) Hera,I (2611)-Ganguly,S (2658) Biel 2017}) 12... Rac8 13. Bf4 d4 14. c4 $146 ({Predecessor:} 14. h4 Rfe8 15. h5 Nf8 16. N1h2 Qd7 17. c4 Ba8 18. Ng4 Qd8 19. Nd2 g5 {1-0 (40) Maes,W (2321)-Segers,V (2102) Brasschaat 2003}) 14... Qb8 15. h4 Bd8 16. N1h2 Bc7 17. h5 Rce8 18. Ng4 f6 19. a3 a5 20. b3 Ncxe5 21. Nfxe5 Nxe5 22. Bxe5 Bxe5 23. Nxe5 fxe5 24. Qxe5 Qxe5 25. Rxe5 Bxg2 26. Kxg2 Rf5 $1 27. Rae1 Kf7 28. f4 Rxe5 29. fxe5 Ra8 30. Rb1 h6 31. Kf3 Ke7 32. b4 $1 axb4 33. axb4 Rf8+ 34. Ke4 Rf2 35. bxc5 bxc5 36. Rb7+ Kf8 37. Rc7 Re2+ 38. Kf4 Rf2+ 39. Kg4 Rd2 40. Rxc5 Rxd3 41. Rc8+ Ke7 42. Rc7+ Kf8 43. Rd7 Rd1 44. Kf3 d3 45. c5 Rc1 46. Rxd3 Rxc5 47. Ke4 Ra5 48. Rd4 Ke7 49. Rb4 Kf7 $11 50. Rb7+ Kf8 1/2-1/2

[Event "Tatry Open 2018"]
[Site "Tatranska Lomnica"]
[Date "2018.10.07"]
[Round "9"]
[White "Franzen, Jozef"]
[Black "Jablonicky, Martin"]
[Result "0-1"]
[ECO "A08"]
[WhiteElo "2256"]
[BlackElo "2344"]
[Annotator "NA"]
[PlyCount "146"]
[EventDate "2018.09.30"]
[EventType "swiss"]
[EventCountry "SVK"]
[SourceTitle "playchess.com"]
[Source "ChessBase"]
[SourceQuality "1"]
[TimeControl "40/5400+30:1800+30"]

1. e4 c5 2. Nf3 e6 3. d3 d5 4. Nbd2 Nc6 5. g3 Nf6 6. Bg2 Be7 7. O-O O-O 8. Re1 $1 Qc7 9. Qe2 b5 10. Nf1 Bb7 11. e5 Nd7 12. Bf4 {[%emt 0:00:14] C00: French: Unusual White 2nd moves} Nd4 (12... Rfc8 13. Ne3 Qd8 14. h4 h6 15. c3 b4 16. c4 Nb6 17. Rad1 Rc7 18. Ng4 Qf8 19. Qe3 Nd4 20. Nxd4 cxd4 {0-1 (44) Svidler,P (2760)-Kramnik,V (2800) Moscow 2018}) 13. Nxd4 cxd4 {[%emt 0:00:04] LiveBook: 3 Games} 14. Qg4 Rfc8 15. Re2 Qc5 $146 ({Predecessor:} 15... b4 16. h4 a5 17. h5 Bf8 18. Nh2 Qb6 19. Nf3 a4 {0-1 (40) Pham Guerrero,S (2180)-Lacasa Diaz,J (2398) Andorra 2003}) 16. h4 Qb4 17. b3 Rc6 (17... Qc3 $11 {hält das Gleichgewicht.} 18. Rc1 Qa5) 18. Nh2 Rac8 19. a3 Qc3 20. Ra2 Ra6 21. Bd2 ({White should play} 21. Bc1 $16) 21... Qc7 22. Nf3 Rxa3 {[%emt 0:01:29] [#]} 23. Bh6 $1 g6 24. Rxa3 Bxa3 25. Nxd4 Qb6 26. h5 Bc5 (26... a5 $14) 27. Nf3 Bf8 28. Bxf8 Nxf8 29. Qf4 Qd8 30. Nh2 g5 31. Qb4 Bc6 32. Ng4 Kg7 33. h6+ Kh8 34. d4 a5 35. Qd2 a4 36. bxa4 bxa4 37. Re3 Qe7 38. Qc1 Ra8 $2 (38... Bb5 $16 {keeps fighting.}) 39. Ra3 Bb5 40. Bf1 Bxf1 41. Kxf1 Ng6 42. Kg2 Nf8 43. Nf6 Ng6 44. Qb2 Qf8 {[%emt 0:01:24] [#]} 45. Ng4 $1 Ne7 46. Qb4 Qe8 47. Nf6 Qf8 48. Rxa4 Rxa4 49. Qxa4 Nf5 50. g4 (50. c4 $142 dxc4 51. Qxc4 Nxh6 52. Qc2) 50... Nxh6 $2 (50... Ne7 51. f4 gxf4) 51. Qd7 $2 (51. c4 $18 dxc4 52. Qc2 (52. Qxc4 Ng8 $14)) 51... Ng8 52. Kf3 (52. Nh5 $11) 52... Nxf6 53. exf6 h6 54. Qe7 $17 (54. c4 $11 {hält das Gleichgewicht.} dxc4 55. d5) 54... Qg8 55. Ke3 Kh7 56. c3 Kg6 57. f4 gxf4+ 58. Kxf4 Qb8+ 59. Kf3 Qb3 60. Qc7 Qd1+ 61. Kg3 Qe1+ 62. Kh3 Qe3+ 63. Kh4 Kxf6 64. Qd8+ Kg7 65. Qc7 Qe4 66. Kg3 Qe3+ 67. Kh4 Qf3 68. Qc8 Qg2 69. Qc7 Kg6 70. Qe5 Qf2+ 71. Kh3 Qf3+ 72. Kh2 Qxg4 73. Qh8 Qe2+ 0-1

[Event "Tatry Open 2018"]
[Site "Tatranska Lomnica"]
[Date "2018.10.07"]
[Round "9"]
[White "Pniaczek, Marek"]
[Black "Domanski, Lukasz"]
[Result "1-0"]
[ECO "B04"]
[WhiteElo "2234"]
[BlackElo "2076"]
[Annotator "ChessBase"]
[PlyCount "69"]
[EventDate "2018.09.30"]
[EventType "swiss"]
[EventCountry "SVK"]
[SourceTitle "playchess.com"]
[Source "ChessBase"]
[SourceQuality "1"]
[TimeControl "40/5400+30:1800+30"]

1. e4 Nf6 2. e5 Nd5 3. d4 d6 4. Nf3 Nb6 5. a4 a5 6. Nc3 e6 7. Bd3 Nc6 8. exd6 cxd6 9. Ne4 Be7 10. c3 e5 11. dxe5 dxe5 12. Ng3 Be6 13. Qe2 Qd7 14. Bb5 f6 15. Be3 Nd5 16. Rd1 Qc7 17. Bc1 O-O-O 18. O-O h5 19. Bd3 g5 20. Bf5 Bxf5 21. Nxf5 h4 22. Nd2 Nf4 23. Qg4 Kb8 24. Ne4 Rxd1 25. Rxd1 Nd8 26. Nxe7 Qxe7 27. Rd7 Qe6 28. Qxe6 Ndxe6 29. Bxf4 Nxf4 30. Nxf6 Kc8 31. Rd2 Rh6 32. Ne4 g4 33. g3 Ne6 34. Rd6 Kc7 35. gxh4 1-0

[Event "Tatry Open 2018"]
[Site "Tatranska Lomnica"]
[Date "2018.10.07"]
[Round "9"]
[White "Michalicka, Milan"]
[Black "Jablonicky, Frantisek"]
[Result "1/2-1/2"]
[ECO "B91"]
[WhiteElo "2225"]
[BlackElo "2069"]
[Annotator "ChessBase"]
[PlyCount "105"]
[EventDate "2018.09.30"]
[EventType "swiss"]
[EventCountry "SVK"]
[SourceTitle "playchess.com"]
[Source "ChessBase"]
[SourceQuality "1"]
[TimeControl "40/5400+30:1800+30"]

1. Nf3 d6 2. e4 c5 3. d4 cxd4 4. Nxd4 Nf6 5. Nc3 a6 6. g3 b5 7. Bg2 Bb7 8. O-O e5 9. Nde2 b4 10. Nd5 Nxd5 11. exd5 g6 12. Be3 Bg7 13. Qd2 a5 14. f4 exf4 15. Bd4 Bxd4+ 16. Qxd4 O-O 17. Qxf4 Ba6 18. Rae1 Qb6+ 19. Rf2 Bxe2 20. Rexe2 Nd7 21. Re4 Ne5 22. Qh6 f5 23. Rh4 Ra7 24. h3 Rc8 25. Kf1 Qb5+ 26. Kg1 Qa4 27. Qg5 Nf7 28. Qe3 Rb7 29. g4 Re8 30. Qb3 Qxb3 31. axb3 fxg4 32. Rxg4 Re1+ 33. Rf1 Rxf1+ 34. Kxf1 Rc7 35. Be4 Re7 36. Kf2 Kg7 37. Ke3 Nh6 38. Rf4 Rf7 39. Rxf7+ Nxf7 40. Kd4 Ne5 41. c4 Nd7 42. Ke3 Kf6 43. Kf4 h6 44. h4 Ne5 45. Bc2 g5+ 46. hxg5+ hxg5+ 47. Kg3 Ng6 48. Bxg6 Kxg6 49. Kg4 Kf6 50. Kg3 Kf5 51. Kf3 Kf6 52. Kg4 Kg6 53. Kg3 1/2-1/2

[Event "Tatry Open 2018"]
[Site "Tatranska Lomnica"]
[Date "2018.10.07"]
[Round "9"]
[White "Matras, Ondrej"]
[Black "Paulovic, Martin"]
[Result "1-0"]
[ECO "A52"]
[WhiteElo "2224"]
[BlackElo "2052"]
[Annotator "NA"]
[PlyCount "129"]
[EventDate "2018.09.30"]
[EventType "swiss"]
[EventCountry "SVK"]
[SourceTitle "playchess.com"]
[Source "ChessBase"]
[SourceQuality "1"]
[TimeControl "40/5400+30:1800+30"]

1. d4 Nf6 2. c4 e5 3. dxe5 Ng4 4. Bf4 Nc6 5. Nf3 Bb4+ 6. Nbd2 Qe7 7. e3 Ngxe5 8. Nxe5 Nxe5 9. Be2 O-O 10. O-O Ng6 11. Bg3 Bd6 12. Bxd6 Qxd6 13. Qc2 Qe7 {[%emt 0:21:01] A52: Budapest Gambit} 14. c5 d6 15. cxd6 {[%emt 0:04:51] LiveBook: 12 Games} Qxd6 16. Rac1 c6 17. Ne4 Qe7 18. Nc5 b6 19. Ne4 $146 ({Predecessor:} 19. Na4 c5 20. Bf3 Bb7 21. Bxb7 Qxb7 {½-½ (46) Arlandi,E (2445)-Marchand,F (2220) Turin 1996}) 19... Bf5 20. Bd3 $1 Rad8 21. Nf6+ Qxf6 22. Bxf5 c5 23. g3 Rd6 24. Rcd1 Rfd8 25. Rxd6 Qxd6 26. Qa4 Qe5 27. Qc2 Qd6 28. h4 Qd2 29. Qb1 Qe2 30. Re1 Qf3 31. Be4 Qg4 32. Bxg6 hxg6 33. Qc2 Qf3 34. Re2 Qd5 35. a3 c4 36. e4 Qd4 37. Kf1 Kf8 38. Ke1 Re8 39. Kf1 Rd8 40. Qc1 Qd1+ 41. Qxd1 Rxd1+ 42. Kg2 Rd3 43. Rc2 b5 44. Kf1 Ke7 45. Ke2 Ke6 46. Rc3 Rd4 47. Ke3 Rd1 48. a4 Rb1 49. axb5 Rxb2 50. Rxc4 Rxb5 51. Rc6+ Kd7 52. Ra6 Rb7 53. e5 Ke7 54. Kd4 Rd7+ 55. Ke4 Rb7 56. f4 f6 57. g4 Rb4+ 58. Kd5 Rb5+ 59. Kc4 $1 Rb7 60. g5 fxe5 61. fxe5 ({Better is} 61. Rxg6 $16 Kf7 62. f5) 61... Kf7 62. Kd5 Rb5+ {[%emt 0:00:22] [#]} 63. Kd6 $1 Rb6+ 64. Rxb6 axb6 65. Kd7 {[%emt 0:00:02] Ke6+} 1-0

[Event "Tatry Open 2018"]
[Site "Tatranska Lomnica"]
[Date "2018.10.07"]
[Round "9"]
[White "Kostolansky, Sebastian Lukas"]
[Black "Pacher, Milan"]
[Result "1/2-1/2"]
[ECO "B40"]
[WhiteElo "2209"]
[BlackElo "2457"]
[Annotator "ChessBase"]
[PlyCount "101"]
[EventDate "2018.09.30"]
[EventType "swiss"]
[EventCountry "SVK"]
[SourceTitle "playchess.com"]
[Source "ChessBase"]
[SourceQuality "1"]
[TimeControl "40/5400+30:1800+30"]

1. e4 c5 2. Nf3 e6 3. d4 cxd4 4. Nxd4 Nf6 5. Bd3 Nc6 6. Nxc6 bxc6 7. O-O d5 8. Nd2 Be7 9. Qe2 O-O 10. b3 a5 11. a4 Nd7 12. exd5 exd5 13. Re1 Bb4 14. Ba3 Nc5 15. Bxb4 axb4 16. Rad1 Nxd3 17. Qxd3 Qf6 18. Nf3 Bf5 19. Qd2 Be4 20. Nd4 c5 21. f3 Bg6 22. Ne2 c4 23. Nd4 c3 24. Qe2 h6 25. Qe5 Qb6 26. Kf1 Kh7 27. Re3 f6 28. Qf4 Rae8 29. Rde1 Rxe3 30. Rxe3 Be4 31. fxe4 Qxd4 32. Rd3 Qxe4 33. Qxe4+ dxe4 34. Rd4 f5 35. Ke2 Kg6 36. Ke3 Rb8 37. Kf4 Kf6 38. Rd6+ Ke7 39. Rd5 g6 40. g4 fxg4 41. Re5+ Kf6 42. Rxe4 h5 43. Rc4 g5+ 44. Ke3 Ke6 45. Rc6+ Kd7 46. Rc4 Rf8 47. Rd4+ Kc6 48. Rc4+ Kd6 49. Rd4+ Kc6 50. Rc4+ Kd6 51. Rd4+ 1/2-1/2

[Event "Tatry Open 2018"]
[Site "Tatranska Lomnica"]
[Date "2018.10.07"]
[Round "9"]
[White "Kostelny, Jozef"]
[Black "Berezjuk, Sergej"]
[Result "1/2-1/2"]
[ECO "E46"]
[WhiteElo "2193"]
[BlackElo "2427"]
[Annotator "RC"]
[PlyCount "200"]
[EventDate "2018.09.30"]
[EventType "swiss"]
[EventCountry "SVK"]
[SourceTitle "playchess.com"]
[Source "ChessBase"]
[SourceQuality "1"]
[TimeControl "40/5400+30:1800+30"]

1. d4 Nf6 2. c4 e6 3. Nc3 Bb4 4. e3 O-O 5. Nge2 d5 6. a3 Bd6 7. Ng3 Nbd7 8. c5 Be7 9. b4 c6 10. Be2 a5 11. Bb2 b6 12. O-O Ba6 13. f3 Bxe2 14. Qxe2 Ne8 15. e4 Nc7 16. Rae1 Bf6 17. e5 Bh4 18. f4 f5 19. exf6 Bxf6 20. Rd1 axb4 21. axb4 bxc5 22. bxc5 Qb8 23. Qc2 Qb4 24. Nge2 Qc4 25. Rd2 Rfb8 26. Ra1 Rxa1+ 27. Bxa1 Nxc5 28. dxc5 Qxc5+ 29. Kf1 d4 30. Ne4 Qxc2 31. Nxf6+ gxf6 32. Rxc2 d3 33. Rxc6 Rb1+ 34. Kf2 d2 35. Nc3 Nd5 36. Ke2 Nxc3+ 37. Kxd2 Rd1+ 38. Kxc3 Rc1+ 39. Kd3 Rxc6 40. Bxf6 Kf7 41. Be5 h5 42. Ke4 Ra6 43. Bd4 Ra2 44. Kf3 Kg6 45. h3 Ra3+ 46. Be3 h4 47. Ke4 Ra2 48. f5+ exf5+ 49. Kf3 Ra3 50. Kf4 Ra4+ 51. Kf3 Kf6 52. Bf4 Rc4 53. Ke3 Ke6 54. Kf3 Kd5 55. Bg5 Ke5 56. Kf2 Ke6 57. Kf3 Kf7 58. Bf4 Kg6 59. Ke3 Rc1 60. Kf2 Rc8 61. Kf3 Kf6 62. Ke3 Rg8 63. Kf3 Ke6 64. Bh2 Ra8 65. Bf4 Ra3+ 66. Kf2 Kf6 67. Ke2 Ke6 68. Kf2 Kd5 69. Bg5 Ra4 70. Kf3 Ke5 71. Kf2 Rb4 72. Kf3 Ra4 73. Kf2 Re4 74. Kf3 Kd4 75. Bf4 Kd3 76. Bg5 Kc2 77. Bf4 Kd1 78. Be3 Ke1 79. Bf2+ Kf1 80. g4 fxg4+ 81. hxg4 h3 82. Bg3 Ra4 83. g5 Kg1 84. Bf2+ Kf1 85. Bg3 Rb4 86. Bh2 Rb2 87. Bg3 Kg1 88. Kg4 Kg2 89. Bd6 Rb6 90. Bc7 Rc6 91. Be5 Rc5 92. Bb8 Rc4+ 93. Kf5 Kf3 94. g6 Rc8 95. Bd6 Rd8 96. g7 Rg8 97. Kf6 Kg2 98. Kf7 Rxg7+ 99. Kxg7 h2 100. Bxh2 Kxh2 1/2-1/2

[Event "Tatry Open 2018"]
[Site "Tatranska Lomnica"]
[Date "2018.10.07"]
[Round "9"]
[White "Ramik, Zdenek"]
[Black "Chubar, Vladimir"]
[Result "1-0"]
[ECO "A20"]
[WhiteElo "2172"]
[BlackElo "2001"]
[Annotator "NA"]
[PlyCount "93"]
[EventDate "2018.09.30"]
[EventType "swiss"]
[EventCountry "SVK"]
[SourceTitle "playchess.com"]
[Source "ChessBase"]
[SourceQuality "1"]
[TimeControl "40/5400+30:1800+30"]

1. c4 e5 2. g3 Nc6 3. Bg2 Bc5 4. Nc3 a6 {[%emt 0:13:22] A25: English Opening vs King's Indian with ...Nc6 but without early d3} 5. e3 d6 6. Nge2 (6. Nf3 Nf6 7. O-O O-O 8. h3 Ba7 9. d4 h6 10. dxe5 dxe5 11. Qxd8 Rxd8 12. b3 Be6 13. Ba3 Rd7 14. Rfd1 Rad8 15. Rxd7 Rxd7 {½-½ (41) Howell,D (2676)-Ponomariov,R (2694) Riadh 2017}) 6... Ba7 7. d4 h5 {[%emt 0:02:24] LiveBook: 26 Partien} 8. d5 Nce7 9. h4 $146 ({Predecessor:} 9. Qd3 h4 10. h3 hxg3 11. fxg3 f5 12. Bd2 {0-1 (44) Cosme Contreras,T (1736)-Escalante Ramirez,B (2348) Lima 2015}) 9... Nf6 10. Qd3 Rb8 11. b3 Bf5 12. e4 Bd7 13. Be3 Bxe3 14. Qxe3 b5 15. O-O Ng4 16. Qd2 bxc4 17. bxc4 Rb4 18. f3 Nh6 19. Qd3 (19. c5 $14) 19... Qb8 20. Rab1 Qb6+ 21. Kh2 O-O 22. Rxb4 Qxb4 23. Rb1 Qc5 24. Nc1 Ng6 25. Nb3 Qa7 26. c5 f5 27. c6 {[%emt 0:04:17] [#]} Bc8 $1 28. exf5 Bxf5 29. Ne4 Rb8 {[%emt 0:02:53] [#]} 30. Nbd2 $1 Rxb1 (30... Ne7 $16 {war einen Versuch wert.}) 31. Qxb1 Kh7 $2 (31... Qa8 32. Qb7 Qc8) 32. Ng5+ Kh8 {[%emt 0:01:19] [#]} 33. Nf7+ $1 Kh7 {[%emt 0:04:07] [#]} 34. Qb7 $1 Qd4 35. Ng5+ Kh8 36. Qb8+ Ng8 37. Nde4 Qxd5 $2 (37... Bxe4 {is a better defense.} 38. fxe4 Qf2) 38. Qxc7 Bxe4 $2 (38... N6e7 39. Nxd6 Bg6) 39. fxe4 Qxa2 40. Qd8 Qf2 41. c7 N6e7 42. c8=Q Nxc8 43. Qxc8 a5 44. Qe8 Qe2 45. Nf3 $18 (45. Qf7 $142 Nf6 46. Qf8+ Ng8 47. Qf5 Nf6 48. Qc8+ Ng8 49. Nf7+ Kh7 50. Qf5+ g6 51. Ng5+ Kh8 52. Qxg6 Qxg2+ 53. Kxg2 Ne7 54. Qh7#) 45... g6 46. Qxg6 a4 47. Ng5 1-0

[Event "Tatry Open 2018"]
[Site "Tatranska Lomnica"]
[Date "2018.10.07"]
[Round "9"]
[White "Skreno, Vladimir"]
[Black "Meers, Hubert"]
[Result "1-0"]
[ECO "E95"]
[WhiteElo "2160"]
[BlackElo "1781"]
[Annotator "NA"]
[PlyCount "83"]
[EventDate "2018.09.30"]
[EventType "swiss"]
[EventCountry "SVK"]
[SourceTitle "playchess.com"]
[Source "ChessBase"]
[SourceQuality "1"]
[TimeControl "40/5400+30:1800+30"]

1. d4 Nf6 2. Nf3 g6 3. c4 Bg7 4. Nc3 O-O 5. e4 d6 6. Be2 {[%emt 0:01:02] LiveBook: 39534 Partien} Nbd7 7. O-O e5 8. Re1 c6 9. a3 {[%emt 0:07:03] E95: King's Indian: Classical: 7...Nbd7 8 Re1} ({White should try} 9. Be3 $14) (9. Bf1 Qe7 10. h3 Ne8 11. a4 a5 12. b3 Nc7 13. Ba3 exd4 14. Nxd4 Nc5 15. e5 dxe5 16. Ne4 N7a6 17. Nxc5 Nxc5 {1-0 (59) Li,C (2732)-Onischuk,V (2637) Riadh 2017}) 9... Re8 (9... exd4 $1 $11 10. Nxd4 Nc5) 10. d5 $146 ({Predecessor:} 10. Bf1 a5 11. h3 exd4 12. Nxd4 Nc5 13. Bg5 h6 14. Bxf6 Bxf6 15. Rb1 a4 16. Qd2 Bg7 {0-1 (59) Ciolek,M (2085)-Zolobowski,G (2029) Kazimierz Dolny 2001}) 10... c5 (10... Nc5 $14) 11. Bd2 Rf8 12. Rb1 Ne8 13. b4 h6 14. bxc5 (14. Qc1 $16) 14... Nxc5 15. Be3 f5 16. Bxc5 dxc5 17. Nd2 Nd6 18. Nb5 b6 19. Nxd6 Qxd6 20. Rb2 Bd7 21. Nb1 fxe4 22. Bg4 Bf5 23. Nc3 Rae8 (23... e3 $11 {remains equal.}) 24. Nxe4 Bxe4 25. Rxe4 Rf4 26. Rbe2 Ref8 27. g3 Rxe4 28. Be6+ Kh7 29. Rxe4 Re8 $1 30. Bg4 Rf8 31. Be6 ({White should play} 31. Qd3 $16) 31... Re8 32. Qc2 Qd8 $2 (32... Rf8 $16 33. Rg4 Rf6) 33. Rg4 Qf6 {[%emt 0:00:07] [#]} 34. Rxg6 $1 Qd8 35. Bf7 e4 36. Bxe8 Qxe8 37. Re6 Qh5 38. Qxe4+ Kg8 39. Kg2 Qf7 40. d6 Bf6 41. d7 Qxd7 42. Rxf6 1-0

[Event "Tatry Open 2018"]
[Site "Tatranska Lomnica"]
[Date "2018.10.07"]
[Round "9"]
[White "Splichal, Stanislav"]
[Black "Kolesar, Milan"]
[Result "1/2-1/2"]
[ECO "A05"]
[WhiteElo "2154"]
[BlackElo "2133"]
[Annotator "NA"]
[PlyCount "115"]
[EventDate "2018.09.30"]
[EventType "swiss"]
[EventCountry "SVK"]
[SourceTitle "playchess.com"]
[Source "ChessBase"]
[SourceQuality "1"]
[TimeControl "40/5400+30:1800+30"]

1. Nf3 Nf6 2. d4 d5 3. c4 c6 4. Qc2 dxc4 5. Qxc4 Bf5 6. Nc3 e6 7. g3 Nbd7 8. Bg2 Be7 9. O-O O-O 10. Bg5 h6 11. Bxf6 {[%emt 0:00:21] LiveBook: 46 Games D23: Queen's Gambit Accepted: 3 Nf3 Nf6 sidelines} Nxf6 (11... Bxf6 12. h3 Qb6 13. e4 Bg6 14. Rfd1 Rfd8 15. Rd2 Rac8 16. Rad1 a6 17. Kh2 Qa7 18. Qe2 Qb8 {0-1 (66) Ibarra Jerez,J (2545)-Salgado Lopez,I (2616) Madrid 2015}) 12. Rfe1 Qb6 $146 ({Predecessor:} 12... Rc8 13. e4 Bg6 14. b4 Qb6 15. a3 Rfd8 16. Rad1 a5 17. Ne5 Bh5 18. bxa5 Qxa5 {½-½ (52) Yaksin,O (2231)-Lugovskoy,D (1964) Sibenik 2007}) 13. e4 Bh7 14. Ne5 Rfd8 15. Red1 Qb4 16. a3 Qxc4 17. Nxc4 Rac8 18. Rac1 b5 {[%emt 0:17:46] [#]} 19. Na5 $1 b4 20. axb4 (20. Na4 $16) 20... Bxb4 21. Nb7 Re8 22. Nc5 e5 23. dxe5 Rxe5 24. Nd7 Nxd7 25. Rxd7 a5 26. f4 Ree8 27. e5 Bf5 28. Rb7 f6 29. exf6 gxf6 30. Bf3 Re7 31. Rxe7 Bxe7 32. g4 Bd7 33. f5 Bc5+ 34. Kg2 Bd4 35. Rd1 c5 36. Ne2 Rb8 37. b3 Rb4 38. Nxd4 cxd4 39. Bd5+ Kf8 40. Kf3 h5 41. h3 hxg4+ 42. hxg4 Ke7 43. Ra1 a4 44. bxa4 Bxa4 45. Be4 Kd6 46. Kf4 d3 47. Ke3 $11 Ke5 48. Bxd3 Rxg4 49. Re1 Rh4 50. Kf3+ Kd5 51. Re4 Rh3+ 52. Kg4 Rxd3 53. Rxa4 Rd4+ 54. Rxd4+ Kxd4 55. Kf4 Kd5 56. Kf3 Ke5 57. Ke3 Kxf5 {[%emt 0:00:07] Ke4+ Ke5+} 58. Kf3 1/2-1/2

[Event "Tatry Open 2018"]
[Site "Tatranska Lomnica"]
[Date "2018.10.07"]
[Round "9"]
[White "Janos, Ivan"]
[Black "Mrvova, Alena"]
[Result "1-0"]
[ECO "B90"]
[WhiteElo "2109"]
[BlackElo "2200"]
[Annotator "NA"]
[PlyCount "113"]
[EventDate "2018.09.30"]
[EventType "swiss"]
[EventCountry "SVK"]
[SourceTitle "playchess.com"]
[Source "ChessBase"]
[SourceQuality "1"]
[TimeControl "40/5400+30:1800+30"]

1. e4 c5 2. Nf3 d6 3. d4 cxd4 4. Nxd4 Nf6 5. Nc3 a6 6. h3 e5 7. Nde2 Be7 8. g4 {[%emt 0:00:45] B90: Sicilian Najdorf: Unusual White 6th moves, 6 Be3 Ng4 and 6 Be3 e5} Be6 (8... O-O 9. Be3 Nbd7 10. Ng3 b5 11. g5 Ne8 12. h4 Bb7 13. Nd5 Bxd5 14. Qxd5 Nc7 15. Qd2 Ne6 {1-0 (42) Swiercz,D (2629)-Kempinski,R (2647) Poland 2015}) 9. Bg2 O-O 10. a4 {[%emt 0:06:09] LiveBook: 3 Games} Nbd7 11. O-O Nb6 12. Nd5 $146 ({Predecessor:} 12. Ng3 d5 13. exd5 Nfxd5 14. Nxd5 Nxd5 15. Nf5 Bc5 {½-½ (41) El Taher,F (2486)-Chumfwa,S (2340) Maputo 2011}) 12... Nbxd5 13. exd5 Bd7 14. c3 Ne8 15. Ng3 g6 16. Bh6 Ng7 17. Qd2 (17. c4 $11) 17... f5 18. gxf5 Bxf5 19. f4 Bh4 20. Ne4 Qb6+ 21. Kh2 Bxe4 22. Bxe4 exf4 23. Bxf4 Nh5 24. Be3 Qc7 25. Bh6 Rfe8 26. Bf3 Ng3 27. Rg1 Nf5 28. Bg4 Ng7 29. Qd4 Re5 30. Raf1 Qe7 31. Qf4 (31. Bf4 $14) 31... Re4 $2 {[%emt 0:04:12] [#]} (31... Bg5 $11 {and Black has nothing to worry.} 32. Bxg5 Rxg5) 32. Be6+ $1 Rxe6 33. dxe6 Nxe6 34. Qe4 Bf6 35. Bf4 Kg7 36. Bg3 Re8 37. Rd1 Ng5 38. Qxe7+ Rxe7 39. Bxd6 Re3 40. Rg3 Re4 41. Rf1 Rxa4 (41... Re2+ {was called for.} 42. Rg2 Re3) 42. Bf8+ Kxf8 43. Rxf6+ Kg7 44. Rb6 Kh6 45. Rxb7 Re4 46. Rg4 Re2+ 47. Kg3 Re3+ 48. Kg2 Ne6 49. Rh4+ Kg5 50. Rhxh7 Rd3 51. Rbd7 Nf4+ 52. Kf1 Rf3+ 53. Kg1 Rg3+ 54. Kf2 Rg2+ 55. Kf3 Rxb2 $18 56. h4+ Kf5 57. Rdf7+ 1-0